[Event "ICCopen2017"]
[Site "Internet Chess Club"]
[Date "2017.03.19"]
[Round "2"]
[White "rencoroso"]
[Black "Pachec"]
[Result "1-0"]
[ICCResult "Black resigns"]
[WhiteElo "2101"]
[BlackElo "1381"]
[Opening "Caro-Kann: Panov-Botvinnik attack"]
[ECO "B13"]
[NIC "CK.03"]
[Time "19:22:37"]
[TimeControl "180+0"]

1. e4 c6 2. d4 d5 3. exd5 cxd5 4. c4 Nf6 5. Nc3 Nc6 6. Nf3 h6 7. h3 b6 8.
Qa4 Bd7 9. cxd5 Na5 10. Qd1 a6 11. Bd3 b5 12. a3 Rc8 13. O-O Nc4 14. Re1 Nd6
15. Ne5 g6 16. Qf3 Bg7 17. Qg3 O-O 18. Nxg6 fxg6 19. Qxg6 Be8 20. Qg3 Bf7
21. Bxh6 Nh5 22. Qg5 e5 23. dxe6 Qxg5 24. Bxg5 Be8 25. Be7 Nc4 26. Bxf8 Bxf8
27. Bxc4 Rc7 28. d5 Rxc4 29. Rad1 Bd6 30. Ne4 Rxe4 31. Rxe4 Nf6 32. Re3 b4
33. axb4 Bxb4 34. d6 Ba4 35. d7 Nxd7 36. exd7 Bxd7 37. Rxd7 a5 38. Re8+ Bf8
39. Rdd8 {Black resigns} 1-0

[Event "ICCopen2017"]
[Site "Internet Chess Club"]
[Date "2017.03.19"]
[Round "2"]
[White "SWAT-TEAM"]
[Black "YKQ"]
[Result "0-1"]
[ICCResult "White checkmated"]
[WhiteElo "1871"]
[BlackElo "2489"]
[Opening "Queen's pawn: London system"]
[ECO "A45"]
[NIC "QP.07"]
[Time "19:23:17"]
[TimeControl "180+0"]

1. d4 Nf6 2. Bf4 e6 3. e3 c5 4. c3 d5 5. Nd2 Nc6 6. Bd3 Bd6 7. Bg3 O-O 8.
Ngf3 b6 9. e4 dxe4 10. Nxe4 Nxe4 11. Bxe4 Bb7 12. dxc5 Bxc5 13. Qe2 Qe7 14.
Bh4 f6 15. O-O-O Rad8 16. a3 Rxd1+ 17. Rxd1 Rd8 18. Rxd8+ Nxd8 19. Bc2 e5
20. Nd2 g6 21. f3 Kg7 22. Bf2 Bxf2 23. Qxf2 Ne6 24. Ne4 Bxe4 25. Bxe4 Qd6
26. Qc2 f5 27. Bd3 Nc5 28. Bc4 a5 29. Qd1 Qxd1+ 30. Kxd1 Kf6 31. Bg8 h6 32.
b4 Nd3 33. bxa5 bxa5 34. Kd2 e4 35. fxe4 fxe4 36. Bd5 Ke5 37. Bf7 g5 38. Bg6
Nf4 39. Be8 Nxg2 40. c4 Kd4 41. Bf7 e3+ 42. Ke2 Nf4+ 43. Ke1 Kd3 44. c5 e2
45. c6 Ke3 46. Bc4 Ng2# {White checkmated} 0-1

[Event "ICCopen2017"]
[Site "Internet Chess Club"]
[Date "2017.03.19"]
[Round "2"]
[White "MATEPROOF"]
[Black "fishbein"]
[Result "0-1"]
[ICCResult "White checkmated"]
[WhiteElo "1921"]
[BlackElo "2642"]
[Opening "King's Indian: orthodox, Donner variation"]
[ECO "E94"]
[NIC "KI.15"]
[Time "19:22:26"]
[TimeControl "180+0"]

1. Nf3 Nf6 2. c4 g6 3. Nc3 Bg7 4. e4 O-O 5. d4 d6 6. Be2 e5 7. O-O c6 8. d5
Na6 9. Qc2 Qc7 10. h3 cxd5 11. cxd5 Nc5 12. Nb5 Qe7 13. Bg5 h6 14. Bxf6 Bxf6
15. b4 Na6 16. a3 Bg7 17. Rac1 Bd7 18. Nd2 f5 19. Qb3 h5 20. Nc7 Nxc7 21.
Rxc7 Qd8 22. Rxb7 Bc8 23. Rb5 Ba6 24. a4 Bxb5 25. Bxb5 Bh6 26. Nc4 fxe4 27.
Qg3 Qf6 28. Bc6 Rab8 29. b5 Bf4 30. Qb3 Kg7 31. Qb4 Rbd8 32. Qa5 e3 33. fxe3
Bh2+ 34. Kxh2 Qxf1 35. Qxa7+ Rf7 36. Qb6 Rdf8 37. Nxd6 Rf2 38. Qc7+ Kh6 39.
Nf5+ R8xf5 40. d6 Rg5 41. Qb7 Qd1 42. d7 Qd6 43. Qc8 e4+ 44. Kg1 Rgxg2+ 45.
Kh1 Qh2# {White checkmated} 0-1

[Event "ICCopen2017"]
[Site "Internet Chess Club"]
[Date "2017.03.19"]
[Round "2"]
[White "unkavalo"]
[Black "MLorenzini"]
[Result "0-1"]
[ICCResult "White forfeits on time"]
[WhiteElo "2509"]
[BlackElo "2015"]
[Opening "English opening"]
[ECO "A13"]
[NIC "EO.64"]
[Time "19:22:14"]
[TimeControl "180+0"]

1. c4 e6 2. Nc3 d5 3. e3 Nf6 4. Nf3 Nbd7 5. b3 Bd6 6. Be2 c6 7. O-O Qe7 8.
d4 O-O 9. Bb2 Re8 10. Rc1 dxc4 11. bxc4 e5 12. c5 Bc7 13. Bc4 h6 14. Ba3 e4
15. Nd2 Nf8 16. h3 Ng6 17. d5 cxd5 18. Bxd5 Qe5 19. f4 exf3 20. Nxf3 Qxe3+
21. Kh1 Rd8 22. Qb3 Be6 23. Bxe6 Qxe6 24. Nb5 Qxb3 25. axb3 Bf4 26. Rc4 Nd5
27. Ng1 Rd7 28. Nd6 Rad8 29. Ne2 Be5 30. Re4 f6 31. g3 Nf8 32. h4 Ne6 33.
Nf5 h5 34. b4 a6 35. Nf4 Ndc7 36. Nxe6 Nxe6 37. Kg2 Rd3 38. Rf3 Rxf3
{White forfeits on time}
0-1

[Event "ICCopen2017"]
[Site "Internet Chess Club"]
[Date "2017.03.19"]
[Round "2"]
[White "cheslikeyomama"]
[Black "Brothersinarms"]
[Result "0-1"]
[ICCResult "White resigns"]
[WhiteElo "1396"]
[BlackElo "1747"]
[Opening "Queen's pawn: Charlick (Englund) gambit"]
[ECO "A40"]
[NIC "QO.17"]
[Time "19:22:41"]
[TimeControl "180+0"]

1. d4 e5 2. e3 e4 3. f4 d5 4. Bb5+ c6 5. Ba4 Nf6 6. Ne2 Ng4 7. O-O Qh4 8. h3
Nh6 9. Qe1 Qf6 10. c3 Be6 11. Nd2 Nd7 12. Bb3 O-O-O 13. c4 Bd6 14. a4 g5 15.
a5 Rhg8 16. Kh1 g4 17. h4 g3 18. Nxg3 Qxh4+ 19. Kg1 Rxg3 20. a6 Rdg8 21. Rf2
Rxg2+ 22. Kf1 Rg1+ 23. Ke2 Rxe1+ 24. Kxe1 Rg2 {White resigns} 0-1

[Event "ICCopen2017"]
[Site "Internet Chess Club"]
[Date "2017.03.19"]
[Round "2"]
[White "J575"]
[Black "DEHO"]
[Result "1-0"]
[ICCResult "Black forfeits on time"]
[WhiteElo "1620"]
[BlackElo "2216"]
[Opening "QGD: exchange, positional line, 6.Qc2"]
[ECO "D36"]
[NIC "QO.16"]
[Time "19:21:53"]
[TimeControl "180+0"]

1. d4 d5 2. c4 e6 3. Nc3 Nf6 4. cxd5 exd5 5. Bg5 c6 6. Qc2 Be7 7. e3 Nbd7 8.
Bd3 h6 9. Bh4 Nh5 10. Bxe7 Qxe7 11. Nge2 Nb6 12. O-O O-O 13. e4 dxe4 14.
Nxe4 Be6 15. Rae1 Rad8 16. Nc5 Bc8 17. Nf4 Qg5 18. Nxh5 Qxh5 19. Re5 Qh4 20.
Nb3 Nd5 21. a3 Nf4 22. Be4 Ne6 23. d5 cxd5 24. Bxd5 Nf4 25. Bf3 Rfe8 26.
Rfe1 Rxe5 27. Rxe5 Bg4 28. Nd4 Bxf3 29. Nxf3 Qg4 30. Ne1 g6 31. Re3 Rd1 32.
Re8+ Kh7 33. f3 Qd7 34. Re4 Qd3 35. Qxd3 Nxd3 36. Kf1 f5 37. Re7+ Kg8 38. b3
Kf8 39. Re3 Nf4 40. g3 Nd5 41. Rd3 Rxd3 42. Nxd3 Ke7 43. Kf2 g5 44. Nc5 b6
45. Nd3 Kd6 46. h4 Nc3 47. hxg5 hxg5 48. Ke3 Nb5 49. a4 Nc7 50. Kd2 Ne6 51.
Nf2 {Black forfeits on time} 1-0

[Event "ICCopen2017"]
[Site "Internet Chess Club"]
[Date "2017.03.19"]
[Round "2"]
[White "Trinity8"]
[Black "jupiter26"]
[Result "0-1"]
[ICCResult "White forfeits on time"]
[WhiteElo "1345"]
[BlackElo "1664"]
[Opening "Sicilian: Najdorf, 7...Qb6"]
[ECO "B97"]
[NIC "SI.08"]
[Time "19:21:50"]
[TimeControl "180+0"]

1. e4 c5 2. Nf3 d6 3. d4 cxd4 4. Nxd4 Nf6 5. Nc3 a6 6. Bg5 e6 7. f4 Qb6 8.
Qd2 Nc6 9. Nxc6 bxc6 10. O-O-O Rb8 11. b3 d5 12. e5 Nd7 13. Na4 Qc7 14. Kb1
c5 15. c4 d4 16. Bd3 Nb6 17. Nxb6 Qxb6 18. Ka1 a5 19. g4 a4 20. Rb1 axb3 21.
Rxb3 Qc6 22. Rxb8 Qxh1+ 23. Kb2 Qc6 24. Qc2 Be7 25. Be4 Qa6 26. Bxe7 Kxe7
27. Qb3 Rd8 28. Rb6 Qa5 29. Rb5 Qd2+ 30. Ka3 Qc1+ 31. Ka4 Bd7 32. Bb7 Bxb5+
33. Qxb5 Qc2+ 34. Ka5 Qxa2+ 35. Kb6 Qf2 36. Qxc5+ Ke8 37. Bc6+ Rd7 38. Qd6
Qb2+ 39. Kc5 Qa3+ 40. Kxd4 Qxd6+ 41. exd6 Kd8 42. Kc5 Rc7 43. dxc7+ Kxc7 44.
Bb5 Kc8 45. Kd4 Kd8 46. c5 Ke7 47. c6 Kf8 48. Kc5 Ke7 49. c7 Kf6 50. c8=Q
Kg6 51. Qd7 f6 52. Qd6 Kh6 {White forfeits on time} 0-1

[Event "ICCopen2017"]
[Site "Internet Chess Club"]
[Date "2017.03.19"]
[Round "2"]
[White "manitodeplomo"]
[Black "Massada"]
[Result "1-0"]
[ICCResult "Black forfeits on time"]
[WhiteElo "2569"]
[BlackElo "1496"]
[Opening "English: Neo-Catalan"]
[ECO "A13"]
[NIC "RE.11"]
[Time "19:22:23"]
[TimeControl "180+0"]

1. c4 e6 2. Nf3 d5 3. g3 Nf6 4. Bg2 c6 5. O-O Be7 6. d4 O-O 7. Qc2 b6 8. Rd1
Bb7 9. Nc3 Nbd7 10. Bg5 Qc7 11. b3 Rac8 12. Rac1 Qb8 13. Qb2 Rfe8 14. Nd2 h6
15. Bf4 Bd6 16. Bxd6 Qxd6 17. e4 Nxe4 18. Ndxe4 dxe4 19. Nxe4 Qe7 20. c5 Rb8
21. Nd6 Red8 22. b4 Nf6 23. b5 Nd5 24. cxb6 Qxd6 25. bxa7 Ra8 26. b6 Qb4 27.
Rb1 Qa5 28. Rdc1 Ne7 29. Rc5 Qa4 30. Qb4 Rxd4 31. Qxa4 Rxa4 32. Rd1 Nd5 33.
Bxd5 exd5 34. Rb1 Rxa2 35. Rc3 Ra6 36. Re3 Kf8 37. Reb3 Ke7 38. Rf3 Kd6 39.
Rxf7 {Black forfeits on time} 1-0

[Event "ICCopen2017"]
[Site "Internet Chess Club"]
[Date "2017.03.19"]
[Round "2"]
[White "Anday"]
[Black "bardenbabe"]
[Result "1/2-1/2"]
[ICCResult "Game drawn by repetition"]
[WhiteElo "1419"]
[BlackElo "1655"]
[Opening "Caro-Kann: advance variation"]
[ECO "B12"]
[NIC "CK.02"]
[Time "19:23:37"]
[TimeControl "180+0"]

1. e4 c6 2. d4 d5 3. e5 c5 4. dxc5 e6 5. c4 dxc4 6. Qxd8+ Kxd8 7. Bxc4 Bxc5
8. Nf3 h6 9. O-O Ne7 10. Nc3 a6 11. Rd1+ Kc7 12. Bf4 b5 13. Bb3 Bb7 14. Nd2
g5 15. Bg3 Nf5 16. Nde4 Nxg3 17. hxg3 Be7 18. Nd6 Bxd6 19. exd6+ Kd7 20. f3
Nc6 21. Ne4 Na5 22. Nc5+ Kc6 23. Nxb7 Nxb7 24. Rac1+ Kb6 25. a4 Rhd8 26. d7
Nc5 27. Rd6+ Kc7 28. Rdd1 Kb6 29. Rd6+ Kc7 30. Rdd1 Kc6 31. axb5+ axb5 32.
Rd2 Kb6 33. Rd6+ Kc7 34. Rd2 Kb6 35. Rd6+ Kc7 36. Rd2 Kb6
{Game drawn by repetition}
1/2-1/2

[Event "ICCopen2017"]
[Site "Internet Chess Club"]
[Date "2017.03.19"]
[Round "2"]
[White "BlackHorse96"]
[Black "RnZ"]
[Result "1-0"]
[ICCResult "Black resigns"]
[WhiteElo "3104"]
[BlackElo "2061"]
[Opening "Sicilian"]
[ECO "B50"]
[NIC "SI.01"]
[Time "19:22:11"]
[TimeControl "180+0"]

1. e4 c5 2. Nf3 d6 3. c3 Nc6 4. h3 g6 5. d4 cxd4 6. cxd4 Bg7 7. Nc3 e6 8.
Be3 Nge7 9. Be2 O-O 10. O-O d5 11. e5 Nf5 12. Bg5 f6 13. exf6 Bxf6 14. Bxf6
Qxf6 15. Nb5 a6 16. Nc7 Rb8 17. Rc1 Qe7 18. Nxa6 bxa6 19. Rxc6 Rxb2 20. Bxa6
Bd7 21. Rc1 Rxa2 22. Bd3 Qd6 23. Bxf5 Rxf5 24. Ne5 Kg7 25. Qb3 Ra7 26. Rfe1
h6 27. Ra1 Rc7 28. Rec1 Rxc1+ 29. Rxc1 Be8 30. Qb7+ Bf7 31. Rc7 Qf8 32. g3
Kg8 33. Rc8 Qxc8 34. Qxc8+ Kg7 35. Qd8 Rf6 36. Kg2 h5 37. f4 Rf5 38. Qe7 Rf6
39. Kf3 Rf5 40. g4 hxg4+ 41. hxg4 Rf6 42. Kg3 g5 43. fxg5 Rf1 44. g6 Rg1+
45. Kf2 Rc1 46. Qxf7+ {Black resigns} 1-0

[Event "ICCopen2017"]
[Site "Internet Chess Club"]
[Date "2017.03.19"]
[Round "2"]
[White "Machinegun"]
[Black "MDRAFE3"]
[Result "0-1"]
[ICCResult "White forfeits on time"]
[WhiteElo "2403"]
[BlackElo "1899"]
[Opening "Sicilian: Anderssen variation"]
[ECO "B41"]
[NIC "SI.41"]
[Time "19:21:41"]
[TimeControl "180+0"]

1. e4 c5 2. Nf3 e6 3. d4 cxd4 4. Nxd4 Nf6 5. Bd3 Nc6 6. Nxc6 dxc6 7. O-O e5
8. Nd2 Be6 9. Nc4 Nd7 10. Qh5 Qc7 11. Bg5 Nb6 12. Ne3 g6 13. Qf3 Be7 14. Bf6
Bxf6 15. Qxf6 O-O 16. f4 Nd7 17. Qg5 f6 18. Qh6 exf4 19. Rxf4 Ne5 20. Raf1
Qg7 21. Qxg7+ Kxg7 22. Be2 Rad8 23. b3 Rd2 24. R4f2 b5 25. h3 Rf7 26. Bd3
Rxf2 27. Rxf2 Rd7 28. Rd2 c5 29. Rd1 a6 30. Kf2 Kf7 31. Ke2 Ke7 32. c4 b4
33. Nd5+ Bxd5 34. cxd5 a5 35. Bb5 Ra7 36. d6+ Ke6 37. d7 Nxd7 38. Rd5 Rc7
39. Bxd7+ Rxd7 40. Rxc5 Ra7 41. Ke3 Kd6 42. Rd5+ Ke6 43. Rb5 h5 44. h4 Kf7
45. g3 Ke6 46. Kf4 Kf7 47. Rb6 Kg7 48. e5 fxe5+ 49. Kg5 Kh7 50. Rxg6 Re7 51.
Rd6 e4 52. Kf6 Re8 53. Rd7+ Kh6 54. Rd6 Kh7 55. Kf7 Re5 56. Rd7 Kh6 57. Rd8
Kh7 58. Kf6 Rc5 59. Rd7+ Kh6 60. Rd8 Rc6+ {White forfeits on time} 0-1

[Event "ICCopen2017"]
[Site "Internet Chess Club"]
[Date "2017.03.19"]
[Round "2"]
[White "carpedef"]
[Black "JESSEJOSE"]
[Result "0-1"]
[ICCResult "White checkmated"]
[WhiteElo "1718"]
[BlackElo "1624"]
[Opening "Scandinavian (center counter) defense"]
[ECO "B01"]
[NIC "SD.01"]
[Time "19:21:55"]
[TimeControl "180+0"]

1. e4 d5 2. exd5 Qxd5 3. Nc3 Qa5 4. d4 c6 5. Bd2 Bf5 6. Nf3 e6 7. Bc4 Nf6 8.
O-O Bb4 9. Re1 O-O 10. a3 Bxc3 11. Bxc3 Qc7 12. Ne5 Nbd7 13. Qe2 Nxe5 14.
dxe5 Nd5 15. Bd2 b5 16. Bb3 a5 17. c3 a4 18. Ba2 Rad8 19. Bg5 Rc8 20. Rad1
Qb7 21. Rf1 Bg6 22. Kh1 Qc7 23. f4 h5 24. Bb1 Bxb1 25. Rxb1 g6 26. Qf2 Ne7
27. Bh6 Rfd8 28. Rbd1 Nf5 29. Bg5 Rxd1 30. Rxd1 Re8 31. h3 Ne7 32. g4 Rd8
33. Rg1 Rd3 34. Kh2 c5 35. Rg2 Qc6 36. gxh5 Rf3 37. Qh4 Nf5 38. Qg4 Ne3 39.
Qh4 Nxg2 40. Kxg2 Rxf4+ 41. Kg3 Rxh4 42. Kxh4 Qe4+ 43. Kg3 gxh5 44. Bf6 Qf5
45. Kg2 Kh7 46. h4 Kg6 47. Kg1 Qg4+ 48. Kf2 Qd1 49. Ke3 Qc2 50. c4 Qxb2 51.
cxb5 Qb3+ 52. Kd2 Qxa3 53. Kc2 Qb3+ 54. Kd2 a3 55. b6 a2 56. b7 a1=Q 57.
b8=Q Qxb8 58. Kd3 Qb3+ 59. Ke4 Qd4# {White checkmated} 0-1

[Event "ICCopen2017"]
[Site "Internet Chess Club"]
[Date "2017.03.19"]
[Round "2"]
[White "OparinGrigoriy"]
[Black "demchog97"]
[Result "1-0"]
[ICCResult "Black resigns"]
[WhiteElo "2805"]
[BlackElo "1970"]
[Opening "Réti v Dutch"]
[ECO "A04"]
[NIC "QP.11"]
[Time "19:22:50"]
[TimeControl "180+0"]

1. Nf3 f5 2. g3 Nf6 3. Bg2 e6 4. c4 d5 5. Nc3 c6 6. b3 Bd6 7. O-O O-O 8. d4
Nbd7 9. a4 Ne4 10. Qc2 Qe7 11. e3 b6 12. Ne2 Ba6 13. Rd1 Rac8 14. Nf4 g5 15.
Nd3 Rf6 16. a5 b5 17. c5 Bc7 18. Nb4 Bb7 19. a6 Ba8 20. Nd3 Rh6 21. b4 g4
22. Nfe5 Nxe5 23. dxe5 Qg5 24. Bb2 Qh5 25. Nf4 Qxh2+ 26. Kf1 Bd8 27. Ke2
Nxg3+ 28. fxg3 Qxg3 29. Rh1 Bg5 30. Rxh6 Bxh6 31. Kf1 Qxe3 32. Nxe6 f4 33.
Qe2 Qg3 34. Qf2 Qh2 35. Bc1 Re8 36. Bxf4 Rxe6 37. Bxh2 {Black resigns} 1-0

[Event "ICCopen2017"]
[Site "Internet Chess Club"]
[Date "2017.03.19"]
[Round "2"]
[White "ural"]
[Black "Montserrat"]
[Result "1-0"]
[ICCResult "Black checkmated"]
[WhiteElo "2456"]
[BlackElo "1853"]
[Opening "Dunst (Sleipner, Heinrichsen) opening"]
[ECO "A00"]
[NIC "VO.15"]
[Time "19:22:03"]
[TimeControl "180+0"]

1. Nc3 d5 2. e4 d4 3. Nce2 e5 4. Ng3 Nf6 5. Nf3 Bd6 6. c3 Nbd7 7. cxd4 exd4
8. Nxd4 Bxg3 9. hxg3 Nxe4 10. Qe2 O-O 11. d3 Nxg3 12. fxg3 Re8 13. Be3 Nf6
14. O-O-O Nd5 15. Nc2 Qe7 16. Re1 Bf5 17. Qf3 Nxe3 18. Rxe3 Qc5 19. Be2 Be6
20. d4 Qg5 21. Qf4 Qxf4 22. gxf4 Bxa2 23. Bf3 c6 24. Rhe1 Rxe3 25. Rxe3 Kf8
26. Nb4 Be6 27. d5 cxd5 28. Bxd5 Rc8+ 29. Rc3 Rxc3+ 30. bxc3 a5 31. Bxe6
fxe6 32. Nd3 b6 33. Ne5 Ke7 34. Nc4 Kf6 35. Nxb6 Kf5 36. g3 Kg4 37. c4 Kf5
38. c5 e5 39. c6 exf4 40. c7 fxg3 41. c8=Q+ Kf4 42. Qc7+ Kf3 43. Qf7+ Kg2
44. Qxg7 h5 45. Nd5 h4 46. Nf4+ Kf2 47. Qg4 a4 48. Qxh4 Kf3 49. Nd3 a3 50.
Ne1+ Kf2 51. Kd2 a2 52. Qd4+ Kf1 53. Qd3+ Kg1 54. Qxg3+ Kf1 55. Qg2#
{Black checkmated}
1-0

[Event "ICCopen2017"]
[Site "Internet Chess Club"]
[Date "2017.03.19"]
[Round "2"]
[White "subterfuge"]
[Black "FGM21"]
[Result "1-0"]
[ICCResult "Black forfeits on time"]
[WhiteElo "1514"]
[BlackElo "1866"]
[Opening "King's Indian: 4.e4"]
[ECO "E70"]
[NIC "KI.31"]
[Time "19:21:47"]
[TimeControl "180+0"]

1. d4 Nf6 2. c4 g6 3. Nc3 Bg7 4. e4 d6 5. Bd3 e5 6. d5 O-O 7. Bg5 a5 8. Qd2
Re8 9. O-O-O Na6 10. h4 c6 11. h5 Bg4 12. hxg6 Bxd1 13. gxf7+ Kxf7 14. Qxd1
Kg8 15. Nge2 Nb4 16. Bb1 cxd5 17. exd5 e4 18. Nxe4 Rc8 19. N2c3 Rxc4 20.
Nxf6+ Bxf6 21. Bxh7+ Kg7 22. Qh5 Bxg5+ 23. Kb1 Qf6 24. Qxe8 Rh4 25. Qg8+ Kh6
26. Re1 Bd2 27. Rd1 Bg5 28. a3 Qg7 29. Qe6+ Kxh7 30. axb4 axb4 31. g3 Rh6
32. Qe4+ Qg6 33. Qxg6+ Kxg6 34. Ne4 Bf6 35. Nxd6 Be5 36. Ne4 b3 37. f4 Bxf4
38. Rc1 Rh2 39. Nc5 {Black forfeits on time} 1-0

[Event "ICCopen2017"]
[Site "Internet Chess Club"]
[Date "2017.03.19"]
[Round "2"]
[White "sarge"]
[Black "giovana64"]
[Result "0-1"]
[ICCResult "White resigns"]
[WhiteElo "1743"]
[BlackElo "1463"]
[Opening "Sicilian defense"]
[ECO "B32"]
[NIC "SI.31"]
[Time "19:22:44"]
[TimeControl "180+0"]

1. e4 c5 2. Nf3 Nc6 3. d4 cxd4 4. c3 dxc3 5. Nxc3 e6 6. Bc4 Nge7 7. Bg5 f6
8. Bh4 Ng6 9. Bg3 a6 10. a3 Be7 11. Qe2 b5 12. Ba2 Bb7 13. O-O O-O 14. Rfd1
Qe8 15. Bc7 Rc8 16. Bb6 Nce5 17. Rac1 Nxf3+ 18. Qxf3 Ne5 19. Qe2 Bc5 20. Ba5
Nc6 21. b4 Nxa5 22. bxc5 Rxc5 23. Nb1 Rxc1 24. Rxc1 Qe7 25. f3 Rc8 26. Qd2
Nc4 27. Qc3 Qc5+ 28. Kh1 Qg5 29. h3 Ne3 30. Qxc8+ Bxc8 31. Rxc8+ Kf7 32. g4
Qf4 33. Rc7 Qxf3+ {White resigns} 0-1

[Event "ICCopen2017"]
[Site "Internet Chess Club"]
[Date "2017.03.19"]
[Round "2"]
[White "Ricardov"]
[Black "Fischerboy"]
[Result "1-0"]
[ICCResult "Black forfeits on time"]
[WhiteElo "2257"]
[BlackElo "1597"]
[Opening "Pirc: Ufimtsev-Pytel variation"]
[ECO "B07"]
[NIC "PU.08"]
[Time "19:22:17"]
[TimeControl "180+0"]

1. e4 d6 2. d4 Nf6 3. Nc3 c6 4. f4 Nbd7 5. e5 Nd5 6. Nxd5 cxd5 7. Nf3 e6 8.
c3 b6 9. Bd3 Bb7 10. O-O Qc7 11. Qe1 h6 12. f5 O-O-O 13. fxe6 fxe6 14. exd6
Bxd6 15. Qxe6 Rde8 16. Qh3 g5 17. Bf5 Re2 18. Bxd7+ Qxd7 19. Qxd7+ Kxd7 20.
Rf2 Rhe8 21. Ne5+ Bxe5 22. Rxe2 Bxh2+ 23. Kf1 Rf8+ 24. Ke1 Bg3+ 25. Kd2 h5
26. Kc2 g4 27. Bh6 Rf2 28. Rxf2 Bxf2 29. Rh1 h4 30. Rf1 g3 31. Rh1 Bc8 32.
Rxh4 Kc6 33. Bf4 Bf5+ 34. Kb3 Be4 35. Rg4 {Black forfeits on time} 1-0

[Event "ICCopen2017"]
[Site "Internet Chess Club"]
[Date "2017.03.19"]
[Round "2"]
[White "ChessMind"]
[Black "BestMate"]
[Result "0-1"]
[ICCResult "White forfeits on time"]
[WhiteElo "1495"]
[BlackElo "2126"]
[Opening "Sicilian: dragon, Yugoslav attack, Rauser variation"]
[ECO "B76"]
[NIC "SI.17"]
[Time "19:22:02"]
[TimeControl "180+0"]

1. e4 c5 2. Nf3 d6 3. d4 cxd4 4. Nxd4 Nf6 5. Nc3 g6 6. Be3 Bg7 7. f3 O-O 8.
Qd2 Nc6 9. O-O-O Bd7 10. Kb1 Rc8 11. h4 h5 12. g4 hxg4 13. h5 Nxh5 14. Bh6
Bxd4 15. Bxf8 Qxf8 16. Be2 Qg7 17. fxg4 Ng3 18. Rh3 Nxe2 19. Qxe2 Nb4 20.
Qf3 Be6 21. a3 Nc6 22. Nb5 Bf6 23. c3 Ne5 24. Qf2 Bxg4 25. Nxa7 Rf8 26. Rh2
Bxd1 27. Qh4 Bxh4 28. Rxh4 g5 29. Rh1 Bf3 30. Rf1 Bxe4+ {White forfeits on
time} 0-1

[Event "ICCopen2017"]
[Site "Internet Chess Club"]
[Date "2017.03.19"]
[Round "2"]
[White "beaupre"]
[Black "Alright2015"]
[Result "0-1"]
[ICCResult "White checkmated"]
[WhiteElo "1785"]
[BlackElo "2262"]
[Opening "Scandinavian (center counter) defense"]
[ECO "B01"]
[NIC "SD.01"]
[Time "19:22:38"]
[TimeControl "180+0"]

1. e4 d5 2. exd5 Qxd5 3. Nc3 Qa5 4. d4 c6 5. h3 Nf6 6. Nf3 Bf5 7. Bd2 e6 8.
Bc4 Bb4 9. O-O Nbd7 10. a3 Bxc3 11. Bxc3 Qc7 12. Re1 O-O 13. Nh4 Bg6 14.
Nxg6 hxg6 15. Qf3 Nb6 16. Bd3 Nbd5 17. Bd2 Rac8 18. c4 Ne7 19. Rad1 Rfd8 20.
Bc3 a6 21. Bc2 b5 22. b3 Nf5 23. g4 Nd6 24. c5 Nde8 25. b4 Nd5 26. Bb2 a5
27. Be4 Nef6 28. Bb1 axb4 29. axb4 Nxb4 30. g5 Nfd5 31. h4 Qf4 32. Qxf4 Nxf4
33. Be4 Ra8 34. Bc3 Nbd5 35. Bxd5 Nxd5 36. Bd2 Ra4 37. Be3 Nxe3 38. fxe3 Kf8
39. Kf2 Ke7 40. Kf3 e5 41. Ra1 Ke6 42. Rxa4 bxa4 43. Ra1 exd4 44. exd4 Rxd4
45. Re1+ Kd7 46. Ra1 Rxh4 47. Kg3 Rc4 48. Kf3 Rxc5 49. Rxa4 Rxg5 50. Kf4
Rf5+ 51. Ke4 Ke6 52. Ra7 Kf6 53. Rc7 Rc5 54. Kd4 Rc1 55. Kd3 g5 56. Kd2 Rc5
57. Kd3 g4 58. Kd4 Rc1 59. Kd3 g3 60. Kd2 Rc5 61. Ke2 g2 62. Kf2 Rc2+ 63.
Kg1 Kg6 64. Rc8 f5 65. Rc7 f4 66. Rc8 f3 67. Rf8 Rc3 68. Kf2 c5 69. Rf4 Kg5
70. Rf8 Kg4 71. Rg8 g5 72. Rd8 Rc2+ 73. Kg1 Kg3 74. Rg8 f2# {White
checkmated} 0-1

[Event "ICCopen2017"]
[Site "Internet Chess Club"]
[Date "2017.03.19"]
[Round "2"]
[White "ANGELLR"]
[Black "blackjack721"]
[Result "1-0"]
[ICCResult "Black forfeits on time"]
[WhiteElo "1710"]
[BlackElo "1389"]
[Opening "Queen's pawn, Mason variation"]
[ECO "D00"]
[NIC "QP.08"]
[Time "19:22:19"]
[TimeControl "180+0"]

1. d4 d5 2. Bf4 Bf5 3. Nf3 e6 4. e3 Nd7 5. c3 c6 6. Bd3 Bg6 7. Qc2 Ngf6 8.
h3 Ne4 9. Nbd2 Ndf6 10. Ne5 Be7 11. f3 Nxd2 12. Qxd2 Nh5 13. Bh2 Bh4+ 14.
Kd1 Ng3 15. Bxg3 Bxg3 16. Nxg6 hxg6 17. Qc2 f5 18. e4 dxe4 19. fxe4 Qg5 20.
Rf1 Rf8 21. Qe2 f4 22. Kc2 O-O-O 23. e5 Qh6 24. Be4 g5 25. Qc4 Kb8 26. a4
Qh4 27. Qxe6 f3 28. Bxf3 Rfe8 29. Qg4 Qxg4 30. Bxg4 Bf4 31. Rae1 c5 32. Rd1
cxd4 33. cxd4 Rd5 34. Bf3 Ra5 35. b3 Ra6 36. Kb2 Rb6 37. Rfe1 a5 38. e6 Bg3
39. Re2 Re7 40. d5 {Black forfeits on time} 1-0

[Event "ICCopen2017"]
[Site "Internet Chess Club"]
[Date "2017.03.19"]
[Round "2"]
[White "alan2015"]
[Black "zxgifteD"]
[Result "0-1"]
[ICCResult "White checkmated"]
[WhiteElo "1403"]
[BlackElo "2203"]
[Opening "Caro-Kann: Bronstein-Larsen variation"]
[ECO "B16"]
[NIC "CK.07"]
[Time "19:22:11"]
[TimeControl "180+0"]

1. e4 c6 2. d4 d5 3. Nc3 dxe4 4. Nxe4 Nf6 5. Nxf6+ gxf6 6. Nf3 Bg4 7. Be2
Qc7 8. h3 Bh5 9. g4 Bg6 10. O-O h5 11. g5 fxg5 12. Nxg5 Nd7 13. Bd3 Bxd3 14.
Qxd3 Rg8 15. Qh7 Rg7 16. Qxh5 Nf6 17. Qh4 O-O-O 18. Kh1 e6 19. c3 Be7 20.
Bf4 Qa5 21. Be5 Rdg8 22. Nxe6 Qd5+ 23. f3 Qxe6 24. Rae1 Rh7 25. Bxf6 Rxh4
26. Rxe6 Bxf6 27. Rxf6 Rxh3# {White checkmated} 0-1

[Event "ICCopen2017"]
[Site "Internet Chess Club"]
[Date "2017.03.19"]
[Round "2"]
[White "saya"]
[Black "Atlantis75"]
[Result "1-0"]
[ICCResult "Black forfeits on time"]
[WhiteElo "2821"]
[BlackElo "1963"]
[Opening "Queen's Pawn"]
[ECO "A41"]
[NIC "QO.17"]
[Time "19:21:59"]
[TimeControl "180+0"]

1. d4 d6 2. Bf4 Nf6 3. e3 g6 4. h3 Bg7 5. Nf3 c6 6. Be2 Nbd7 7. O-O h6 8. c4
O-O 9. Nc3 Qc7 10. Rc1 a6 11. b4 e5 12. Bh2 Re8 13. c5 dxc5 14. dxe5 Nxe5
15. Nxe5 Rxe5 16. bxc5 Be6 17. Bxe5 Qxe5 18. Qd4 Qg5 19. Qf4 Qxc5 20. Ne4
Qe7 21. Nxf6+ Qxf6 22. Qxf6 Bxf6 23. Bc4 Bf5 24. g4 Bc8 25. Rfd1 Kg7 26. Kg2
b5 27. Be2 Bb7 28. Bf3 Rc8 29. Rd7 Ba8 30. Ra7 Bb2 31. Rc2 Be5 32. Rxa6 b4
33. Bxc6 Rxc6 34. Raxc6 Bc3 35. f3 Bxc6 36. Kf2 Ba4 37. Rc1 Bb2 38. Rc7 Bc3
39. Rb7 Bc6 40. Rb6 Bd5 41. Ra6 Bc4 42. Ra8 Kf6 43. f4 g5 44. Kg3 gxf4+ 45.
exf4 Bd2 46. Ra5 Be1+ 47. Kf3 Bc3 48. Ra7 Bd4 49. Ra5 Kg7 50. h4 Bc3 51. Ra7
Bd4 52. Ra4 Bc3 53. g5 Bd5+ 54. Kg4 h5+ 55. Kf5 Be6+ 56. Ke4
{Black forfeits on time}
1-0

[Event "ICCopen2017"]
[Site "Internet Chess Club"]
[Date "2017.03.19"]
[Round "2"]
[White "Falstaf"]
[Black "guchess"]
[Result "1-0"]
[ICCResult "Black forfeits on time"]
[WhiteElo "2987"]
[BlackElo "2034"]
[Opening "Sicilian: closed"]
[ECO "B23"]
[NIC "SI.44"]
[Time "19:22:25"]
[TimeControl "180+0"]

1. e4 c5 2. Nc3 e6 3. g3 a6 4. Bg2 b5 5. d3 Bb7 6. Nge2 b4 7. Na4 d5 8. Be3
Nd7 9. O-O Ngf6 10. exd5 Bxd5 11. Bxd5 Nxd5 12. Bd2 N7b6 13. Nxb6 Qxb6 14.
Nf4 Nxf4 15. Bxf4 Qc6 16. Re1 Be7 17. b3 O-O 18. Be5 f6 19. Bb2 e5 20. a4
Rfd8 21. Qg4 Qd7 22. Qxd7 Rxd7 23. Re4 Kf7 24. Rae1 Bd6 25. Kg2 Rad8 26. h3
h5 27. g4 hxg4 28. hxg4 Rh8 29. Rh1 Rdd8 30. Ree1 g5 31. Kf3 Kg7 32. Bc1 Kf7
33. Ke4 {Black forfeits on time} 1-0